 Dungeon Crawl Stone Soup version 0.29.1-13-g9f3cf754e1 (webtiles) character file.

Game seed: 14711669194155794946

528 shadowmeld the Magician (level 7, -1/48 HPs)
             Began as a Djinni Fire Elementalist on Feb 4, 2023.
             Was an Initiate of the Shining One.
             Slain by a gnoll bouda
             ... wielding a +0 whip
              (9 damage)
             ... on level 4 of the Dungeon.
             The game lasted 00:19:42 (3751 turns).

shadowmeld the Magician (Djinni Fire Elementalist)  Turns: 3751, Time: 00:19:43

Health: -1/48      AC:  3    Str:  7    XL:     7   Next: 48%
Gold:   256        EV: 12    Int: 19    God:    the Shining One [......] SH:  3 Dex: 13

rFire   + + .      SeeInvis .   (no weapon)
rCold   x . .      Faith    .   j - +0 buckler
rNeg    . . .      Spirit   .   a - +0 robe
rPois   ∞          Reflect  .   u - +0 helmet
rElec   .          Harm     .   (no cloak)
rCorr   +          Rampage  .   (no gloves)
Will    .....                   (boots unavailable)
Stlth   +.........              (no amulet)
HPRegen 0.16/turn               e - ring of resist corrosion
MPRegen 0.00/turn               (no ring)

@: weakened, flying, glowing, studying Throwing
A: sickness immunity, fire resistance 2, cold vulnerability 1, float, innate
caster, HP casting, extra vitality 1
a: Renounce Religion


You were on level 4 of the Dungeon.
You worshipped the Shining One.
The Shining One was noncommittal.
You visited 1 branch of the dungeon, and saw 4 of its levels.

You collected 256 gold pieces.

Inventory:

Missiles
 c - 3 poisoned darts
 g - 5 javelins
 n - 6 atropa-tipped darts
Armour
 a - a +0 robe (worn)
 j - a +0 buckler (worn)
 u - a +0 helmet (worn)
Jewellery
 e - a ring of resist corrosion (left hand)
Wands
 s - a wand of flame (14)
Scrolls
 b - 2 scrolls of teleportation {unknown}
 d - 2 scrolls of fear
 k - 2 scrolls of amnesia {unknown}
 m - a scroll of brand weapon
 o - a scroll of enchant weapon
 t - a scroll of noise {unknown}
Potions
 f - a potion of lignification
 h - 3 potions of heal wounds {unknown}
 i - 3 potions of curing {unknown}
 l - 3 potions of flight {unknown}
 p - a potion of mutation
 q - a potion of might {unknown}
 r - 2 potions of brilliance {unknown}
 v - a potion of invisibility {unknown}


   Skills:
 * Level 1.9 Fighting
 * Level 3.3 Dodging
 - Level 1.5 Stealth
 + Level 0.4 Shields
 * Level 5.6 Spellcasting


You couldn't memorise any spells.
You knew the following spells:

 Your Spells              Type           Power      Damage    Failure   Level
a - Foxfire               Conj/Fire      100%       2x1d9     1%          1
b - Scorch                Fire           52%        2d7       2%          2
c - Conjure Flame         Conj/Fire      26%        6-21      4%          3
d - Inner Flame           Hex/Fire       26%        N/A       4%          3
e - Flame Wave            Conj/Fire      26%        2d8       16%         4
f - Beastly Appendage     Tmut           52%        N/A       1%          1
g - Static Discharge      Conj/Air       26%        3-7/arc   2%          2
h - Spider Form           Tmut/Pois      26%        N/A       4%          3
Your spell library was empty.

Dungeon Overview and Level Annotations

Branches:
Dungeon (4/15)
 Temple: D:4-7

Altars:
Zin
The Shining One


Innate Abilities, Weirdness & Mutations

You are immune to sickness and miasma.
You are immune to poison.
Your flesh is very heat resistant. (rF++)
You are vulnerable to cold. (rC-)
You float through the air rather than walking.
You learn spells naturally, not from books.
Your magical power is your life essence.
You have superior vitality. (+4 MHP)


Message History

The gnoll's fire resistance burns away.
Casting: Scorch (safe; 2% risk of failure)
Confirm with . or Enter, or press ? or * to list all spells.
Flames lash the scorpion.
The scorpion is heavily wounded.
The scorpion's fire resistance burns away.
The gnoll bouda gazes fiercely through you!
You feel as though you will be weak longer.
The gnoll bouda closely misses you.
Casting: Scorch (safe; 2% risk of failure)
Confirm with . or Enter, or press ? or * to list all spells.
Flames lash the gnoll.
The gnoll is burned terribly!
You kill the gnoll!
The gnoll bouda hits you with a +0 whip!
Casting: Scorch (safe; 2% risk of failure)
Confirm with . or Enter, or press ? or * to list all spells.
Flames lash the scorpion.
The scorpion is heavily wounded.
* * * LOW HITPOINT WARNING * * *
The gnoll is no longer moving quickly.
The gnoll bouda closely misses you.
Casting: Scorch (safe; 2% risk of failure)
Confirm with . or Enter, or press ? or * to list all spells.
Flames lash the gnoll.
The gnoll is heavily wounded.
The gnoll's fire resistance burns away.
* * * LOW HITPOINT WARNING * * *
The gnoll bouda barks out a call to the hunt!
The gnoll picks up the pace!
Casting: Scorch (safe; 2% risk of failure)
Confirm with . or Enter, or press ? or * to list all spells.
Flames lash the gnoll bouda but do no damage.
* * * LOW HITPOINT WARNING * * *
The gnoll bouda hits you but does no damage.
Casting: Scorch (safe; 2% risk of failure)
Confirm with . or Enter, or press ? or * to list all spells.
Flames lash the gnoll.
The gnoll is burned terribly!
You kill the gnoll!
* * * LOW HITPOINT WARNING * * *
The gnoll bouda hits you with a +0 whip!
You die...

.........#..# #.# #.#
.#..######. #.# #.# .#..#
#.. #.# #.#
.#..######..###.# #.#
.#..........$... #.#
.'......>......####### #.#
.#.................... #.#
.#............s##########.#
.##.######.†..)g@....[....#
###.# .(....##############
#.# ....g. #.# ..... ###.#
..... ....# .g.g ##### ..g.


You could see a gnoll bouda and a scorpion (combustible).

Vanquished Creatures
  Eustachio (D:4)
  An orc warrior (D:4)
  A sky beast (D:4)
  A necrophage (D:4)
  4 gnolls (D:4)
  4 adders (D:2)
  A worm (D:2)
  2 dart slugs
  5 orcs
  7 ball pythons
  6 endoplasms
  A giant cockroach (D:2)
  4 goblins
  9 hobgoblins
  4 jackals (D:2)
  4 quokkas
  2 bats (D:2)
  6 frilled lizards
  5 kobolds
  4 rats
  A spectral hobgoblin (D:2)
73 creatures vanquished.

Vanquished Creatures (others)
  214 foxfires
214 creatures vanquished.

Grand Total: 287 creatures vanquished

Notes
Turn   | Place    | Note
-------+----------+-------------------------------------------
     0 | D:1      | shadowmeld the Djinni Fire Elementalist began the quest for
                  | the Orb.
     0 | D:1      | shadowmeld set off with the following spells memorised:
                  | Foxfire, Scorch, Conjure Flame, Inner Flame, Flame Wave.
     0 | D:1      | Reached XP level 1. HP: 15/15 MP: 0/0
   250 | D:1      | Reached XP level 2. HP: 11/21 MP: 0/0
   944 | D:2      | Reached skill level 3 in Spellcasting
   944 | D:2      | Reached XP level 3. HP: 22/26 MP: 0/0
   944 | D:2      | Learned a level 1 spell: Beastly Appendage
  1275 | D:2      | Reached XP level 4. HP: 28/31 MP: 0/0
  1351 | D:2      | Found a faded altar of an unknown god.
  2488 | D:3      | Reached skill level 1 in Fighting
  2669 | D:3      | Reached XP level 5. HP: 34/37 MP: 0/0
  2669 | D:3      | Learned a level 2 spell: Static Discharge
  2858 | D:4      | Found a glowing golden altar of the Shining One.
  2861 | D:4      | Found a glowing silver altar of Zin.
  2927 | D:4      | Became a worshipper of the Shining One
  2977 | D:4      | Noticed Eustachio
  3312 | D:4      | Noticed a sky beast
  3321 | D:4      | Reached skill level 4 in Spellcasting
  3324 | D:4      | Killed a sky beast
  3325 | D:4      | Reached XP level 6. HP: 21/42 MP: 0/0
  3487 | D:4      | Killed Eustachio
  3488 | D:4      | Reached skill level 5 in Spellcasting
  3488 | D:4      | Reached XP level 7. HP: 38/48 MP: 0/0
  3488 | D:4      | Learned a level 3 spell: Spider Form
  3751 | D:4      | Slain by a gnoll bouda

Illustrated notes

Levels and vault maps discovered:
D:1:      minmay_arrival_stair_chambers, layout_basic,
          hangedman_abyss_or_decor_lesser_grid
D:2:      layout_basic, dreamdust_ecumenical_altar_drowned_temple,
          minmay_fractal_squares_5
D:3:      minmay_general_purpose_star, layout_basic
D:4:      layout_basic, chequers_temple_overflow_statue_of_worship,
          minmay_manual_moon, uniq_eustachio

Skill      XL: |  1  2  3  4  5  6 |
---------------+-------------------+-----
Spellcasting   | 3 4 5 |  5.6
Fighting       | 1 |  1.9
Dodging        | 3 |  3.3
Stealth        | |  1.5
Shields        | |  0.4

Action                   |  1- 3 |  4- 6 |  7- 9 || total
-------------------------+-------+-------+-------++-------
 Cast: Foxfire           |    56 |    78 |       ||   134
       Scorch            |       |    14 |    21 ||    35
  Use: Scroll            |       |     6 |       ||     6
Armor: Robe              |       |     9 |     1 ||    10
Dodge: Dodged            |       |    17 |     6 ||    23
Block: Buckler           |       |     5 |     1 ||     6
